Map: Romanticide LE

Players

Serral - Winner!

  • Race: Zerg Zerg
  • League: Grandmaster
  • Spawn Location: 5:00

SouLeer

  • Race: Zerg Zerg
  • League: Master
  • Spawn Location: 11:00

Event: DreamHack SC2 Masters 2020 Winter

VOD

Have the link to the VOD?

Description

Time

  • Played on: Oct. 24, 2020, 11:18 a.m.
  • Length: 14:51

All games in this series

Show
View Real Time Build Order
Export as new Build Order

Serral Zerg - Winner!

Build Orders: Hatch First 

Get SALT Encoding   

  12  0:00  Drone  
  13  0:13  Overlord  
  13  0:16  Drone  
  14  0:31  Drone x2  
  16  0:48  Hatchery  
  15  0:50  Drone  
  15  0:54  Drone  
  17  0:57  Drone  
  18  1:08  Extractor  
  17  1:12  Spawning Pool  
  17  1:15  Drone  
  17  1:18  Drone  
  18  1:28  Drone  
  20  1:40  Drone  
  20  1:51  Drone  
  21  1:59  Queen x2  
  21  2:00  Overlord  
  21  2:01  Zergling x2  
  26  2:08  Metabolic Boost  
  26  2:11  Drone x2  
  28  2:21  Drone  
  28  2:22  Drone  
  30  2:32  Hatchery  
  30  2:35  Zergling x2  
  30  2:37  Zergling x2  
  30  2:43  Drone  
  32  2:46  Baneling Nest  
  32  2:49  Overlord  
  31  2:53  Drone  
  31  2:54  Drone  
  33  3:04  Drone  
  34  3:06  Drone  
  34  3:09  Zergling x6  
  34  3:12  Zergling x4  
  40  3:14  Zergling x2  
  41  3:23  Overlord  
  41  3:24  Zergling x2  
  42  3:32  Drone x2  
  44  3:37  Evolution Chamber  
  42  3:41  Drone  
  42  3:42  Drone x4  
  42  3:45  Baneling x2  
  42  3:48  Drone x3  
  49  3:52  Overlord  
  49  3:56  Drone x2  
  49  3:58  Drone  
  52  4:04  Zerg Ground Armor Level 1  
  52  4:07  Overlord  
  51  4:10  Overlord  
  51  4:12  Drone  
  51  4:15  Extractor x2, Zergling x2  
  51  4:16  Zergling x2  
  52  4:19  Zergling x2  
  49  4:25  Drone  
  49  4:28  Drone x3  
  51  4:32  Baneling  
  51  4:35  Roach Warren  
  50  4:39  Drone  
  50  4:40  Drone  
  50  4:41  Drone  
  53  4:46  Drone x2  
  53  4:47  Drone  
  53  4:48  Drone  
  55  4:52  Overlord  
  55  4:56  Overlord  
  55  5:01  Overlord x2  
  55  5:18  Roach x6  
  66  5:21  Roach x2  
  66  5:26  Roach x2  
  74  5:31  Roach x2  
  74  5:35  Roach  
  80  5:36  Roach  
  80  5:42  Roach x2  
  88  5:43  Roach  
  88  5:46  Ravager  
  88  5:48  Zergling x2  
  88  5:49  Zergling x4  
  92  5:52  Zergling x4  
  92  5:56  Baneling x4  
  94  6:01  Baneling  
  94  6:02  Zergling x8  
  97  6:05  Queen  
  99  6:12  Lair  
  99  6:19  Drone x5  
  99  6:24  Zerg Missile Weapons Level 1  
  102  6:26  Drone x3  
  102  6:31  Baneling x2  
  105  6:33  Overlord  
  105  6:39  Drone x5  
  110  6:43  Drone x3  
  113  6:53  Roach x3  
  115  6:56  Overlord  
  115  6:57  Roach x3  
  121  7:02  Extractor  
  121  7:05  Roach  
  121  7:06  Overlord x4  
  122  7:09  Glial Reconstitution  
  122  7:14  Overseer  
  122  7:16  Overlord  
  122  7:22  Baneling x2  
  121  7:25  Drone  
  121  7:26  Drone x2, Extractor  
  121  7:27  Roach x3  
  129  7:34  Drone x3  
  129  7:35  Drone x2  
  134  7:38  Drone x3, Extractor  
  134  7:39  Roach  
  134  7:40  Roach  
  134  7:44  Roach  
  142  7:46  Ravager  
  142  7:48  Ravager  
  144  7:52  Roach x2  
  144  7:53  Spine Crawler x2  
  144  7:55  Roach x2  
  144  7:58  Roach  
  151  8:04  Roach x4  
  159  8:06  Spine Crawler  
  159  8:10  Ravager  
  158  8:18  Roach x4  
  160  8:20  Ravager  
  155  8:28  Roach  
  155  8:29  Roach x5  
  142  8:34  Roach x3  
  142  8:38  Queen x2  
  142  8:39  Queen  
  139  8:46  Roach x3  
  135  8:50  Zerg Missile Weapons Level 2  
  139  8:55  Roach x2  
  139  8:57  Roach  
  139  9:02  Roach  
  142  9:10  Drone x2  
  142  9:12  Ravager  
  142  9:13  Ravager  
  146  9:17  Roach x3  
  146  9:18  Roach x2  
  146  9:20  Overlord  
  146  9:23  Overlord  
  156  9:31  Ravager  
  156  9:32  Roach  
  156  9:33  Roach  
  156  9:37  Spire  
  160  9:39  Overlord  
  160  9:40  Roach x2  
  160  9:45  Overseer  
  164  9:48  Roach x4  
  172  9:53  Drone  
  172  9:56  Overlord x2  
  172  9:58  Overlord  
  173  10:05  Roach  
  173  10:06  Roach x3  
  169  10:12  Roach x2  
  169  10:13  Roach  
  160  10:26  Roach  
  160  10:27  Roach x7  
  158  10:32  Roach x3  
  139  10:39  Roach x3  
  130  10:44  Roach  
  130  10:45  Roach  
  117  10:50  Mutalisk x3  
  109  10:59  Mutalisk x2  
  115  11:04  Roach x5  
  115  11:08  Roach x2  
  117  11:21  Roach x6  
  117  11:32  Roach x3  
  116  11:37  Roach x3  
  107  11:45  Queen x2, Roach x2  
  105  11:48  Roach  
  105  11:52  Queen  
  101  11:55  Roach x2  
  100  12:02  Roach  
  100  12:07  Hatchery  
  100  12:08  Roach x2  
  98  12:12  Roach  
  98  12:14  Ravager  
  98  12:16  Mutalisk x2  
  102  12:26  Roach  
  102  12:29  Roach x2  
  108  12:30  Roach  
  108  12:34  Zerg Flyer Weapons Level 1  
  104  12:38  Mutalisk x3  
  106  12:49  Mutalisk x3  
  112  12:54  Mutalisk x2  
  112  12:57  Unknown  
  115  13:00  Drone x3  
  115  13:03  Mutalisk  
  120  13:06  Drone x3  
  120  13:10  Mutalisk  
  125  13:20  Mutalisk  
  125  13:21  Mutalisk  
  125  13:26  Mutalisk  
  131  13:29  Overseer  
  131  13:38  Mutalisk x2  
  135  13:44  Queen  
  135  13:46  Mutalisk x2  
  138  13:51  Drone x3  
  141  13:56  Overlord  
  141  13:59  Mutalisk x3  
  147  14:12  Mutalisk x2  
  151  14:18  Roach x8  
  163  14:30  Roach x5  
Show
View Real Time Build Order
Export as new Build Order

SouLeer Zerg 

Build Orders: Hatch First 

Get SALT Encoding   

  12  0:00  Drone  
  13  0:12  Overlord  
  13  0:17  Drone  
  14  0:30  Drone x2  
  16  0:49  Hatchery  
  15  0:51  Drone  
  15  0:54  Drone  
  17  0:59  Drone  
  18  1:09  Extractor  
  17  1:13  Spawning Pool  
  17  1:16  Drone  
  17  1:19  Drone  
  18  1:28  Drone  
  19  1:39  Drone  
  20  1:49  Overlord  
  20  2:01  Queen x2  
  20  2:02  Zergling x4  
  20  2:08  Metabolic Boost  
  26  2:11  Drone  
  26  2:13  Drone  
  28  2:23  Drone x2  
  30  2:35  Hatchery  
  29  2:41  Drone x2  
  29  2:44  Drone  
  32  2:48  Overlord  
  32  2:55  Drone, Baneling Nest  
  32  2:58  Drone  
  33  3:07  Zergling x4  
  33  3:11  Zergling x6  
  38  3:13  Drone  
  38  3:16  Overlord  
  39  3:22  Drone x2  
  41  3:28  Overlord  
  41  3:30  Zergling x4  
  43  3:39  Zergling x2  
  43  3:41  Overlord  
  43  3:42  Baneling x3  
  43  3:43  Baneling  
  43  3:45  Zergling x4  
  45  3:50  Queen  
  45  3:54  Drone x2  
  49  3:56  Drone  
  49  4:01  Drone x2  
  52  4:05  Zergling x6  
  52  4:09  Baneling  
  54  4:13  Drone x3  
  57  4:18  Drone, Evolution Chamber  
  57  4:22  Drone x3  
  59  4:26  Drone x2  
  59  4:27  Drone  
  59  4:30  Drone x2  
  59  4:34  Drone x2, Extractor  
  59  4:37  Overlord  
  60  4:40  Drone  
  60  4:45  Drone  
  61  4:52  Zerg Missile Weapons Level 1  
  59  4:53  Lair, Drone  
  59  4:55  Drone, Roach Warren  
  59  4:59  Drone x2, Extractor  
  62  5:00  Drone  
  62  5:01  Drone  
  62  5:04  Drone x2  
  62  5:06  Drone x2  
  67  5:07  Drone  
  67  5:10  Drone  
  67  5:11  Overlord  
  67  5:13  Overlord  
  68  5:20  Overlord  
  67  5:22  Extractor  
  67  5:27  Overlord  
  66  5:36  Roach x5  
  66  5:37  Roach x4  
  66  5:41  Roach x2  
  87  5:44  Roach  
  87  5:45  Roach x2  
  87  5:47  Roach  
  95  5:50  Overlord  
  95  5:52  Baneling x2, Extractor  
  95  5:56  Roach  
  96  5:58  Roach  
  96  5:59  Roach  
  96  6:03  Roach  
  102  6:06  Roach x2  
  102  6:08  Zergling x12  
  112  6:12  Overlord  
  112  6:16  Glial Reconstitution  
  112  6:17  Roach  
  114  6:19  Roach  
  114  6:24  Roach x2  
  120  6:29  Overlord  
  120  6:31  Overlord  
  120  6:35  Overlord  
  119  6:40  Roach x4  
  119  6:42  Overlord  
  119  6:45  Roach  
  129  6:52  Drone x6  
  128  6:57  Extractor, Spire  
  128  7:00  Roach x4  
  134  7:05  Zerg Missile Weapons Level 2  
  134  7:06  Roach  
  134  7:07  Roach  
  138  7:11  Roach  
  141  7:16  Roach x2  
  145  7:23  Roach  
  145  7:26  Roach, Overlord  
  145  7:27  Roach x4  
  145  7:29  Roach  
  159  7:31  Roach  
  159  7:34  Overlord  
  163  7:44  Roach x2  
  163  7:45  Roach x2  
  163  7:46  Overlord  
  163  7:51  Overlord  
  165  8:01  Roach x6  
  165  8:04  Overlord  
  179  8:05  Ravager  
  179  8:06  Ravager x3  
  181  8:13  Roach  
  181  8:14  Roach x4  
  181  8:17  Roach  
  181  8:19  Baneling x2  
  191  8:23  Roach x2  
  187  8:30  Roach x3  
  156  8:34  Baneling x2  
  156  8:35  Baneling  
  156  8:36  Roach  
  156  8:38  Drone x4  
  156  8:41  Roach x2  
  144  8:43  Roach  
  144  8:45  Roach  
  144  8:47  Roach  
  138  8:50  Roach  
  138  8:51  Roach  
  138  8:54  Roach  
  142  9:01  Roach x4  
  148  9:05  Roach  
  150  9:12  Roach x4  
  158  9:17  Roach  
  158  9:21  Roach x2  
  158  9:22  Roach x2  
  168  9:24  Roach  
  168  9:30  Roach x3  
  176  9:32  Roach  
  176  9:37  Roach x2  
  182  9:44  Hatchery  
  181  9:47  Ravager x2  
  181  9:50  Roach x2  
  185  9:53  Roach x2  
  185  9:56  Roach x2  
  193  10:00  Overlord  
  193  10:04  Roach  
  191  10:11  Roach x2  
  191  10:14  Overlord  
  183  10:22  Roach x5  
  173  10:29  Roach x7  
  173  10:32  Roach  
  161  10:40  Roach  
  141  10:43  Roach x2  
  141  10:45  Roach x3  
  141  10:48  Roach x3  
  143  10:52  Roach x2  
  143  10:54  Roach x2  
  143  10:56  Roach  
  141  10:59  Roach x2  
  141  11:03  Roach  
  133  11:05  Roach  
  133  11:06  Roach  
  133  11:09  Roach  
  135  11:13  Roach x3  
  135  11:16  Roach  
  143  11:21  Roach x2  
  137  11:27  Roach x4  
  133  11:34  Roach x4  
  133  11:37  Roach  
  133  11:39  Roach x2  
  135  11:46  Roach x3  
  135  11:49  Roach  
  135  11:51  Roach  
  135  11:52  Roach  
  129  11:55  Roach  
  129  12:01  Roach x3  
  125  12:04  Roach  
  125  12:08  Roach x2  
  119  12:09  Roach  
  119  12:12  Roach  
  119  12:15  Roach  
  117  12:17  Roach  
  117  12:20  Roach x2  
  123  12:24  Roach x2  
  123  12:28  Roach  
  115  12:31  Roach  
  115  12:33  Roach  
  115  12:34  Roach  
  107  12:42  Roach x3  
  107  12:43  Roach  
  109  12:45  Roach  
  109  12:54  Roach x4  
  117  12:59  Queen  
  117  13:04  Drone x2, Spore Crawler  
  118  13:08  Queen  
  120  13:13  Roach x2  
  120  13:16  Spore Crawler  
  120  13:19  Overlord  
  123  13:20  Roach  
  123  13:26  Drone x4  
  128  13:31  Roach  
  128  13:32  Spore Crawler  
  123  13:46  Queen x2  
  123  13:47  Queen  
  123  13:50  Spore Crawler  
  123  13:51  Roach x3  
  123  13:54  Roach  
  123  13:55  Roach  
  132  13:59  Roach x2  
  132  14:02  Roach x2  
  140  14:09  Roach x3  
  146  14:12  Roach x2  
  146  14:13  Roach  
  146  14:15  Queen  
  154  14:17  Roach  
  156  14:30  Roach x6  
Tags
 
Add a new tag
Caveats
  • Supply blocks, unpowered buildings, or Contaminate may cause inaccurate times.
  • Supply counts are checked every 10 seconds.